 Dungeon Crawl Stone Soup version 0.21-a0-2-ge494091 (webtiles) character file.

785 TheGoonsmith the Covert (level 7, -5/33 HPs)
             Began as a Spriggan Enchanter on May 22, 2017.
             Was an Initiate of Gozag.
             Killed by nerve-wracking pain
             ... invoked by an orc priest
              (12 damage)
             ... on level 4 of the Dungeon.
             The game lasted 00:19:46 (5729 turns).

TheGoonsmith the Covert (Spriggan Enchanter)        Turns: 5729, Time: 00:19:46

Health: -5/33      AC:  3    Str:  4    XL:     7   Next: 56%
Magic:  1/12       EV: 23    Int: 16    God:    Gozag
Gold:   355        SH:  0    Dex: 22    Spells: 2/11 levels left

rFire    . . .     SeeInvis +   n - +0 dagger (drain)
rCold    . . .     Gourm    .   (shield restricted)
rNeg     . . .     Faith    .   b - +1 robe
rPois    .         Spirit   .   (helmet restricted)
rElec    .         Reflect  .   (no cloak)
rCorr    .         Harm     .   (gloves unavailable)
MR       +....                  (boots unavailable)
Stlth    ++++......             (no amulet)
Regen    0.2/turn               p - +3 ring of dexterity
MPRegen  0.2/turn               (no ring)

@: gold aura, drained, very quick
A: unfitting armour, see invisible, herbivore 3, speed 3, slow metabolism 2
a: Potion Petition, Call Merchant, Bribe Branch, Renounce Religion


You were on level 4 of the Dungeon.
You worshipped Gozag.
Gozag was aware of your devotion.
You were not hungry.

You visited 1 branch of the dungeon, and saw 4 of its levels.

You collected 458 gold pieces.
You paid 103 gold pieces to Gozag.

Inventory:

Hand Weapons
 a - a +2 dagger
 n - a +0 dagger of draining (weapon)
Missiles
 j - 40 poisoned needles
Armour
 b - a +1 robe (worn)
Jewellery
 p - a +3 ring of dexterity (left hand)
Wands
 m - a wand of random effects (13/48)
Scrolls
 e - a scroll of teleportation
 g - 2 scrolls of remove curse
 k - a scroll of enchant armour
 l - 2 scrolls of identify
Potions
 f - a potion of might {unknown}
 h - 7 potions of heal wounds
 i - 4 potions of curing
 q - a potion of lignification {unknown}
 s - 2 potions of cancellation {unknown}
 u - a potion of brilliance {unknown}
Books
 c - a book of Maledictions

   Spells                             Type                      Level
   a - Corona                         Hexes                        1
   b - Ensorcelled Hibernation        Hexes/Ice                    2
   c - Confuse                        Hexes                        3
   d - Tukima's Dance                 Hexes                        3
   e - Dazzling Spray                 Conjuration/Hexes            3
Comestibles
 d - 3 bread rations
 r - 3 fruits


   Skills:
 - Level 1.4(1.1) Fighting
 - Level 5.0(4.7) Short Blades
 + Level 6.6(6.3) Dodging
 + Level 8.2(7.9) Stealth
 - Level 2.6(2.4) Spellcasting
 - Level 3.6(3.3) Hexes
 * Level 3.5(3.2) Evocations


You had 2 spell levels left.
You knew the following spells:

 Your Spells              Type           Power        Failure   Level  Hunger
a - Tukima's Dance        Hex            ##......     16%         3    ###....
b - Ensorcelled Hibernat  Hex/Ice        #.....       16%         2    ###....
c - Confuse               Hex            ##......     16%         3    ###....
d - Corona                Hex            ##.....      4%          1    #......


Dungeon Overview and Level Annotations

Branches:
Dungeon (4/15)
 Temple: D:4-7

Altars:
Gozag
Hepliaklqana
Uskayaw
Vehumet
Xom


Innate Abilities, Weirdness & Mutations

You are very small and have problems with some larger weapons.
You are too small for most types of armour.
You have supernaturally acute eyesight. (SInv)
You are a herbivore.
You cover ground extremely quickly.
You need consume almost no food.


Message History

Evoke which item? (* to show all) (? for menu, Esc to quit)
Aiming: Random Effects (will waste charges)
Press: ? - help, Shift-Dir - straight line, f - orc wizard
Aim: an orc wizard, wielding a dagger and wearing a runed robe (heavily wounded, heavily drained)
The orc wizard seems to speed up.
Evoking this partially-identified wand wasted a few charges.
Casting: Confuse
Confirm with . or Enter, or press ? or * to list all spells.
Aiming: Confuse
Press: ? - help, Shift-Dir - straight line, f/p - orc wizard
Aim: an orc wizard, wielding a dagger and wearing a runed robe (heavily wounded, fast, heavily drained, chance to defeat MR: 55%)
The orc wizard appears confused.
You catch the helpless orc wizard completely off-guard!
You impale the orc wizard!!
You kill the orc wizard!
The orc is distracted by the nearby gold.
The orc priest invokes the aid of Beogh against you.
Pain shoots through your body!
You die...
Your body crumbles into a pile of gold.

.(#**,,,*
#..#.#####.# ##*
**,** #..'.##x#ยง##
#,* ########Z## #.*
*.####
###*##.##########..#
#..,...............#
#.#**##..#.........#
#.# ##......o##....#
#.# #......o##*#@..#
#.###...#...# ##...#
.......###..###....#
......## ##.$o....##
.##...# ##...o...##
####..###...$.#### #
##.........#
##.........#
##.........##


You could see an orc priest.

Vanquished Creatures
  Sigmund (D:3)
  Edmund (D:4)
  2 ogres (D:4)
  A centaur skeleton (D:4)
  Natasha (twice) (D:3)
  4 orc wizards
  7 adders
  An ooze (D:2)
  A worm (D:2)
  2 dart slugs
  7 leopard geckos
  9 orcs
  3 ball pythons
  2 bats
  A giant cockroach (D:2)
  15 goblins
  4 hobgoblins
  4 jackals (D:3)
  A frilled lizard (D:1)
  3 kobolds
  7 rats
78 creatures vanquished.

Vanquished Creatures (collateral kills)
  An orc (D:4)
1 creature vanquished.

Vanquished Creatures (others)
  A dancing weapon (D:4)
1 creature vanquished.

Grand Total: 80 creatures vanquished

Notes
Turn   | Place    | Note
-------+----------+-------------------------------------------
     0 | D:1      | TheGoonsmith the Spriggan Enchanter began the quest for the Orb.
     0 | D:1      | Reached XP level 1. HP: 9/9 MP: 5/5
   360 | D:1      | Reached XP level 2. HP: 13/13 MP: 6/6
  1256 | D:2      | Reached skill level 5 in Stealth
  2119 | D:1      | Learned a level 2 spell: Ensorcelled Hibernation
  2122 | D:2      | Reached XP level 3. HP: 16/16 MP: 5/8
  2127 | D:2      | Learned a level 3 spell: Confuse
  2603 | D:2      | Reached XP level 4. HP: 21/21 MP: 9/9
  2735 | D:3      | Found a hide-covered altar of Uskayaw.
  3160 | D:3      | HP: 1/21 [hobgoblin/club (4)]
  3607 | D:3      | Noticed Sigmund
  3617 | D:3      | Killed Sigmund
  3617 | D:3      | Reached skill level 5 in Dodging
  3617 | D:3      | Reached skill level 6 in Stealth
  3617 | D:3      | Reached XP level 5. HP: 24/24 MP: 0/10
  3617 | D:3      | Reached XP level 6. HP: 28/28 MP: 0/11
  4132 | D:2      | Learned a level 3 spell: Tukima's Dance
  4259 | D:3      | Noticed Natasha
  4278 | D:3      | Killed Natasha
  4278 | D:3      | Reached skill level 5 in Short Blades
  4509 | D:3      | Noticed Natasha
  4517 | D:3      | Killed Natasha
  4746 | D:4      | Found a radiant altar of Vehumet.
  4801 | D:4      | Found an opulent altar of Gozag.
  4813 | D:4      | Became a worshipper of Gozag Ym Sagoz the Greedy
  4855 | D:4      | Reached skill level 7 in Stealth
  4932 | D:4      | Noticed Edmund
  4939 | D:4      | Killed Edmund
  4939 | D:4      | Reached skill level 1 in Fighting
  4988 | D:4      | Found a shimmering altar of Xom.
  4989 | D:4      | Found a hazy altar of Hepliaklqana.
  4989 | D:4      | Noticed an unseen horror
  4990 | D:4      | Noticed an unseen horror
  4990 | D:4      | Noticed a spectral ugly thing
  5098 | D:4      | Reached skill level 1 in Evocations
  5098 | D:4      | Reached XP level 7. HP: 33/33 MP: 12/12
  5323 | D:4      | Reached skill level 8 in Stealth
  5729 | D:4      | Killed from afar by an orc priest

Vault maps used:
D:1:      dpeg_arrival_windows_large_door, patterned_corridor
D:2:      first_bread
D:3:      eat_drink_and_be_merry_uskayaw, uniq_natasha, uniq_sigmund
D:4:      kennysheep_the_goblin_king, regret_index_temple_of_mockery,
          vehumet_crystals, hangedman_decor_growths, grunt_gozag_breadcrumbs,
          uniq_edmund

Skill      XL: |  1  2  3  4  5  6  7 |
---------------+----------------------+-----
Short Blades   | 2 3 4 5 |  5.0
Stealth        | 5 6 7 8 |  8.2
Dodging        | 4 5 6 |  6.6
Fighting       | 1 |  1.4
Evocations     | 1 3 |  3.5
Spellcasting   | |  2.6
Hexes          | |  3.6

Action                   |  1- 3 |  4- 6 |  7- 9 || total
-------------------------+-------+-------+-------++-------
Melee: Dagger            |   157 |   150 |    65 ||   372
 Cast: Ensorcelled Hiber |     2 |    20 |     2 ||    24
       Confuse           |     3 |    15 |     7 ||    25
       Tukima's Dance    |       |       |     6 ||     6
Evoke: Wand              |       |     2 |     2 ||     4
  Use: Potion            |     2 |       |       ||     2
       Scroll            |       |     8 |       ||     8
 Stab: Sleeping          |    12 |    13 |     2 ||    27
       Confused          |     3 |     5 |     2 ||    10
       Distracted        |       |     1 |     1 ||     2
  Eat: Bread ration      |       |     1 |       ||     1
       Royal jelly       |       |       |     1 ||     1
Armor: Robe              |    10 |     3 |     4 ||    17
Dodge: Dodged            |    94 |   102 |    49 ||   245
